 Dungeon Crawl Stone Soup version 0.26-a0-660-gc07710193c (webtiles) character file.

Game seed: 102284206218827399

5690 timneilson the Protected (level 10, -3/91 HPs)
             Began as a Deep Dwarf Fighter on Oct 6, 2020.
             Was a Follower of Makhleb.
             Slain by a komodo dragon (18 damage)
             ... on level 9 of the Dungeon.
             The game lasted 00:20:58 (7076 turns).

timneilson the Protected (Deep Dwarf Fighter)       Turns: 7076, Time: 00:20:58

Health: -3/91      AC: 15    Str: 23    XL:     10   Next: 47%
Magic:  3/3        EV: 11    Int: 12    God:    Makhleb [*.....]
Gold:   582        SH: 18    Dex: 12    Spells: 9/9 levels left

rFire    + . .     SeeInvis .   a - +0 long sword
rCold    . . .     Faith    .   c - +1 kite shield
rNeg     . . .     Spirit   .   r - +0 chain mail
rPois    .         Reflect  +   (no helmet)
rElec    .         Harm     .   f - +0 cloak
rCorr    .         Rampage  .   b - +0 pair of gloves
MR       +....                  s - +0 pair of boots
Stlth    ..........             d - amulet of the Wary Quests {Reflect rF+ Int+3 SH+5}
HPRegen  0.00/turn              p - ring of attention (curse)
MPRegen  0.08/turn              o - +4 ring of evasion

@: non-regenerating
A: damage resistance, heal wounds, sense surroundings 2, no regeneration
a: Heal Wounds, Renounce Religion


You were on level 9 of the Dungeon.
You worshipped Makhleb.
Makhleb was aware of your devotion.
You visited 2 branches of the dungeon, and saw 10 of its levels.

You collected 582 gold pieces.

Inventory:

Hand Weapons
 a - a +0 long sword (weapon)
Armour
 b - a +0 pair of gloves (worn)
 c - a +1 kite shield (worn)
 f - a +0 cloak (worn)
 r - a +0 chain mail (worn)
 s - a +0 pair of boots (worn)
Jewellery
 d - the amulet of the Wary Quests (around neck) {Reflect rF+ Int+3 SH+5}
   (You took it off an orc on level 6 of the Dungeon)

   [amulet of reflection]

   It shields you and reflects attacks.
   It affects your intelligence (+3).
   It protects you from fire.
   It affects your SH (+5).
 l - an uncursed ring of flight
 o - a +4 ring of evasion (right hand)
 p - a cursed ring of attention (left hand)
 q - an uncursed ring of protection from fire
 u - an uncursed ring of protection from cold
 w - an uncursed ring of see invisible
Wands
 g - a wand of digging (4)
Scrolls
 v - 2 scrolls of enchant armour
 x - 2 scrolls of fog
Potions
 e - 2 potions of cancellation
 h - 2 potions of berserk rage
 i - 3 potions of flight
 j - 2 potions of lignification
 k - a potion of ambrosia {unknown}
 m - a potion of heal wounds
 n - a potion of brilliance {unknown}
 t - 3 potions of curing
 z - a potion of magic {unknown}


   Skills:
 + Level 6.1 Fighting
 * Level 8.7 Long Blades
 * Level 9.8 Armour
 * Level 9.8 Shields


You had 9 spell levels left.
You didn't know any spells.
Your spell library contained the following spells:

 Spells                   Type           Power        Failure   Level
 Summon Small Mammal      Summ           #...         98%         1
 Call Imp                 Summ           #.......     99%         2
 Call Canine Familiar     Summ           #.......     100%        3
 Summon Guardian Golem    Hex/Summ       #.......     100%        3
 Summon Ice Beast         Ice/Summ       #.......     100%        4
 Summon Lightning Spire   Summ/Air       #.......     100%        4


Dungeon Overview and Level Annotations

Branches:
Dungeon (9/15)             Temple (1/1) D:6
   Lair: D:8-11         Orc: D:9-12

Altars:
Ashenzari
Cheibriados
Dithmenos
Elyvilon
Fedhas
Gozag
Hepliaklqana
Kikubaaqudgha
Makhleb
Nemelex Xobeh
Okawaru
Qazlal
Ru
Sif Muna
Trog
Uskayaw
Vehumet
Wu Jian
Xom
Yredelemnul
Zin
The Shining One

Shops:
D:6 [


Innate Abilities, Weirdness & Mutations

You are resistant to damage.
You can heal yourself by infusing magical energy.
You passively map the area around you.
You do not regenerate.


Message History

The komodo dragon is lightly wounded.
You block the komodo dragon's attack.
You slash the komodo dragon!
The komodo dragon is moderately wounded.
The komodo dragon closely misses you.
You riposte.
The komodo dragon hisses angrily.
You hit the komodo dragon but do no damage.
The komodo dragon is moderately wounded.
You slash the komodo dragon!
The komodo dragon is severely wounded.
The komodo dragon bites you!
* * * LOW HITPOINT WARNING * * *
You barely miss the komodo dragon.
The komodo dragon is severely wounded.
The komodo dragon bites you.
* * * LOW HITPOINT WARNING * * *
You hit the komodo dragon.
The komodo dragon is severely wounded.
The komodo dragon bites you!!
You die...

#†# ###########.# * * ###
* #...........# * #...*
#...........#
#...####...........#####
,, ,,,
........................ ,
, .........##P...P.P...###
,
,,...<.....#...P.....P....
, ,
,.......@.#....P.........
,,
...l...l.#...P...P.P....
#*
#............P..P....P.. #
#....................... #
#..........P.....P...P.P #
#....(....P.P........... #
#.......P..P.P. ,
##########.............. ,
.........)....... , , , ,


You could see 2 komodo dragons.

Vanquished Creatures
  2 hornets
  Prince Ribbit (D:5)
  9 yaks (D:9)
  Eustachio (D:5)
  A steam dragon (D:8)
  A water moccasin (D:9)
  2 orc warriors
  A black bear (D:9)
  2 sky beasts
  2 phantoms
  A necrophage (D:9)
  5 centaurs
  3 ogres
  8 bullfrogs
  A scorpion (D:6)
  2 wights (D:8)
  3 howler monkeys
  A hound (D:7)
  2 jellies
  Crazy Yiuf (D:7)
  5 orc priests
  A bullfrog skeleton (D:9)
  2 centaur skeletons
  4 iguanas
  Jessica (D:2)
  Natasha (thrice) (D:2)
  8 orc wizards
  6 worker ants
  2 hound skeletons
  A howler monkey skeleton (D:5)
  7 adders
  A shadow imp (D:6)
  2 white imps
  3 ufetubi
  3 oozes
  An adder skeleton (D:5)
  2 dart slugs (D:3)
  4 leopard geckos
  72 orcs
  10 bats
  4 giant cockroaches
  9 goblins
  7 hobgoblins
  15 jackals
  5 quokkas
  3 ball pythons
  2 frilled lizards
  3 jackal skeletons
  6 kobolds
  A leopard gecko skeleton (D:6)
  A leopard gecko zombie (D:8)
  2 quokka zombies
  6 rats
251 creatures vanquished.

Vanquished Creatures (others)
  A wight (D:8)
  37 fungi (D:9)
  36 plants (D:9)
74 creatures vanquished.

Grand Total: 325 creatures vanquished

Notes
Turn   | Place    | Note
-------+----------+-------------------------------------------
     0 | D:1      | timneilson the Deep Dwarf Fighter began the quest for the
                  | Orb.
     0 | D:1      | Reached XP level 1. HP: 20/20 MP: 1/1
   127 | D:1      | Reached XP level 2. HP: 27/27 MP: 2/2
   699 | D:2      | Noticed Natasha
   700 | D:2      | Noticed a crimson imp
   704 | D:2      | Noticed a crimson imp
   705 | D:2      | Noticed a crimson imp
   707 | D:2      | Killed Natasha
   707 | D:2      | Reached XP level 3. HP: 26/34 MP: 3/3
   709 | D:2      | Noticed Natasha
   720 | D:2      | Killed Natasha
   720 | D:2      | Reached XP level 4. HP: 22/42 MP: 4/4
   739 | D:2      | Found a snail-covered altar of Cheibriados.
  1059 | D:2      | Noticed Natasha
  1071 | D:2      | Killed Natasha
  1193 | D:2      | Noticed Jessica
  1203 | D:2      | Killed Jessica
  1203 | D:2      | Reached XP level 5. HP: 38/49 MP: 5/5
  1280 | D:2      | Found a glowing golden altar of the Shining One.
  1952 | D:4      | Noticed a centaur
  1958 | D:4      | Reached XP level 6. HP: 31/56 MP: 5/5
  1966 | D:4      | Reached skill level 5 in Armour
  1966 | D:4      | Reached skill level 5 in Shields
  2141 | D:4      | Reached XP level 7. HP: 52/63 MP: 5/5
  2364 | D:5      | Entered Level 5 of the Dungeon
  2508 | D:5      | Noticed Prince Ribbit
  2552 | D:5      | Killed Prince Ribbit
  2552 | D:5      | Reached skill level 5 in Long Blades
  2552 | D:5      | Reached XP level 8. HP: 32/72 MP: 5/5
  3032 | D:5      | Noticed Eustachio
  3084 | D:5      | Killed Eustachio
  3295 | D:5      | Found a glowing silver altar of Zin.
  3295 | D:5      | Found a glowing golden altar of the Shining One.
  3959 | D:6      | Found Qodonk's Armour Shoppe.
  3990 | D:6      | Identified the amulet of the Wary Quests {Reflect rF+ Int+3
                  | SH+5}
  4172 | D:6      | Found a bloodstained altar of Trog.
  4188 | D:6      | Found a staircase to the Ecumenical Temple.
  4196 | Temple   | Entered the Ecumenical Temple
  4761 | D:6      | Gained mutation: You passively map the area around you.
                  | [Deep Dwarf growth]
  4761 | D:6      | Reached XP level 9. HP: 58/80 MP: 4/4
  4862 | D:6      | You fall into a shaft and drop 1 floor!
  4967 | D:6      | Reached skill level 5 in Fighting
  5342 | D:7      | Found a stormy altar of Qazlal.
  5471 | D:7      | You fall into a shaft and drop 1 floor!
  5481 | D:8      | Found a burning altar of Makhleb.
  5486 | D:8      | Became a worshipper of Makhleb the Destroyer
  5776 | D:7      | Found a runed translucent door.
  5777 | D:7      | Noticed Crazy Yiuf
  5782 | D:7      | Killed Crazy Yiuf
  6046 | D:8      | Reached * piety under Makhleb
  6352 | D:9      | Noticed a komodo dragon
  6542 | D:9      | Reached XP level 10. HP: 64/91 MP: 4/4
  7076 | D:9      | Slain by a komodo dragon

Illustrated notes

Levels and vault maps discovered:
D:1:      dpeg_arrival_renting, layout_basic
D:2:      layout_loops_cross, cheibriados_altar_1, tso_altar, uniq_natasha,
          uniq_jessica
D:3:      layout_basic, fountainhead
D:4:      layout_cave_pools
D:5:      layout_layer_cave, gammafunk_temple_overflow_elements,
          kennysheep_another_room, uniq_eustachio, uniq_prince_ribbit1
D:6:      layout_basic, minmay_temple_entry_enclosed_plants, serial_shops, shop,
          trog_three_pillars_becter
D:7:      layout_loops_ring, nicolae_qazlal_eye_of_the_storm,
          uniq_crazy_yiuf_cottage
D:8:      layout_basic, kennysheep_little_box
D:9:      layout_irregular_city, due_lair_maze_entry_diamond,
          hangedman_decor_slide_cut
Temple:   hc_temple_tempest_star

Skill      XL: |  1  2  3  4  5  6  7  8  9 10 |
---------------+-------------------------------+-----
Fighting       | 3 4 5 6 |  6.1
Armour         | 4 5 6 7 9 |  9.8
Shields        | 4 5 6 7 9 |  9.8
Long Blades    | 3 4 5 6 7 8 |  8.7

Action                   |  1- 3 |  4- 6 |  7- 9 | 10-12 || total
-------------------------+-------+-------+-------+-------++-------
Melee: Long sword        |    50 |   309 |   705 |   211 ||  1275
 Abil: Heal Wounds       |       |     5 |    13 |     1 ||    19
  Use: Scroll            |     4 |     5 |     5 |       ||    14
       Potion            |       |       |     3 |     1 ||     4
Armor: Scale mail        |    33 |   157 |    24 |       ||   214
       Chain mail        |       |       |   235 |    35 ||   270
Dodge: Dodged            |    22 |   158 |   290 |    34 ||   504
Block: Kite shield       |    35 |   221 |   639 |   159 ||  1054
       Reflection        |       |       |     4 |     1 ||     5
       Rpst.: Long sword |     9 |    58 |    92 |    16 ||   175

Table legend: (Time is in decaauts)
 A = Elapsed time spent in this place.
 B = Non-inter-level travel time spent in this place.
 C = Inter-level travel time spent in this place.
 D = Time resting spent in this place.
 E = Time spent auto-exploring this place.
 F = Levels seen in this place.
 G = Mean time per level.
                   A        B        C        D        E       F      G
               +--------+--------+--------+--------+--------+-----+--------+
         Total |   7303 |   7082 |    221 |      0 |   4538 |  10 |  730.3 |
       Dungeon |   6974 |   6783 |    191 |      0 |   4241 |   9 |  774.9 |
        Temple |    328 |    298 |     30 |      0 |    297 |   1 |  328.0 |
               +--------+--------+--------+--------+--------+-----+--------+

Top non-repeatable levels by time:
     D:5: 1641 daAuts
     D:6: 800 daAuts
     D:7: 726 daAuts
     D:9: 706 daAuts
     D:1: 700 daAuts
     D:2: 677 daAuts
     D:8: 624 daAuts
     D:3: 619 daAuts
     D:4: 478 daAuts
  Temple: 328 daAuts
